 Dungeon Crawl Stone Soup version 0.21-a0-260-g9b2435e (webtiles) character file.

225 tidbits the Skirmisher (level 5, -6/48 HPs)
             Began as a Draconian Wanderer on Sept 7, 2017.
             Mangled by Edmund
             ... wielding a +1 flail of protection
              (7 damage)
             ... on level 4 of the Dungeon.
             The game lasted 00:08:48 (921 turns).

tidbits the Skirmisher (Draconian Wanderer)          Turns: 921, Time: 00:08:49

Health: -6/48      AC:  5    Str: 14    XL:     5   Next: 68%
Magic:  5/5        EV: 13    Int: 14    God:
Gold:   83         SH:  0    Dex: 10    Spells: 4/4 levels left

rFire    . . .     SeeInvis .   a - +2 flail (crush)
rCold    . . .     Gourm    .   (no shield)
rNeg     . . .     Faith    .   (armour unavailable)
rPois    .         Spirit   .   (helmet restricted)
rElec    .         Reflect  .   (no cloak)
rCorr    .         Harm     .   (no gloves)
MR       .....                  (no boots)
Stlth    +.........             (no amulet)
HPRegen  0.16/turn              (no ring)
MPRegen  0.09/turn              (no ring)

@: no status effects
A: unfitting armour, cold-blooded, AC +5
a: no special abilities


You were on level 4 of the Dungeon.
You were not hungry.

You visited 1 branch of the dungeon, and saw 5 of its levels.

You collected 83 gold pieces.

Inventory:

Hand Weapons
 a - a +2 flail of crushing (weapon)
   (You took it off a gnoll on level 3 of the Dungeon)
 b - a +0 hand crossbow
 d - a +0 hand axe
 q - a +0 halberd of chopping
   (You took it off a gnoll on level 3 of the Dungeon)
Missiles
 c - 28 bolts
 h - 13 tomahawks (quivered)
 n - 62 arrows
Wands
 p - a wand of flame (13/48)
Scrolls
 g - a scroll of recharging
 i - a scroll of blinking
 m - a scroll of teleportation
Potions
 e - a potion of might {unknown}
 k - a potion of cancellation {unknown}
 l - a potion of curing
 o - a potion of lignification
Comestibles
 f - 2 bread rations
 j - 2 meat rations


   Skills:
 + Level 5.5 Fighting
 - Level 4.0 Axes
 - Level 1.0(2.6) Maces & Flails
 - Level 1.0 Throwing
 + Level 3.3 Dodging
 - Level 1.0 Evocations


You had 4 spell levels left.
You didn't know any spells.

Dungeon Overview and Level Annotations

Branches:
Dungeon (5/15)
 Temple: D:4-7

Altars:
Elyvilon
Fedhas
Qazlal
The Shining One

Annotations:
D:4 Edmund


Innate Abilities, Weirdness & Mutations

Your plain brown scales are hard. (AC +5)
You cannot fit into any form of body armour.
You are cold-blooded and may be slowed by cold attacks.


Message History

c - 31 bolts (gained 1)
c - 32 bolts (gained 1) Edmund and a howler monkey come into view.
Edmund is wielding a flail of protection.
Edmund shouts!
The howler monkey howls!
The howler monkey hoots and howls with incredible vigour!
There is a stone staircase leading up here.
Firing (i - inventory. (,) - cycle):
c - 32 bolts (quivered)
Press: ? - help, Shift-Dir - straight line, f - howler monkey
Aim: a howler monkey (catching its breath)
You shoot a bolt. The bolt hits Edmund.
Edmund is lightly wounded.
Firing (i - inventory. (,) - cycle):
c - 31 bolts (quivered)
Press: ? - help, Shift-Dir - straight line, f/p - howler monkey
Aim: a howler monkey You shoot a bolt.
The bolt hits Edmund.
Edmund is moderately wounded.
Firing (i - inventory. (,) - cycle):
c - 30 bolts (quivered)
Press: ? - help, Shift-Dir - straight line, f/p - howler monkey
Aim: a howler monkey You shoot a bolt.
The bolt closely misses Edmund.
The bolt hits the howler monkey!
The howler monkey is heavily wounded.
The howler monkey hoots and howls with incredible vigour!
Edmund says, "Maybe I'll buy a title.
How does Count Edmund sound?"
You hear a shout! x3
Firing (i - inventory. (,) - cycle):
c - 29 bolts (quivered)
Press: ? - help, Shift-Dir - straight line, f/p - howler monkey
Aim: a howler monkey (heavily wounded, catching its breath)
You shoot a bolt. The bolt barely misses Edmund.
The bolt hits the howler monkey!
You kill the howler monkey!
Edmund hits you with a flail of protection!
An adder and a shadow imp come into view.
The adder hisses angrily.
Edmund barely misses you.
You climb upwards.
There is a stone staircase leading down here.
a - a +2 flail of crushing (weapon)
You hit Edmund.
Edmund is moderately wounded.
Edmund hits you with a flail of protection. x2
* * * LOW HITPOINT WARNING * * *
You hit Edmund.
Edmund is moderately wounded.
Edmund hits you with a flail of protection.
* * * LOW HITPOINT WARNING * * *
You sock Edmund!
Edmund is heavily wounded.
Edmund completely misses you.
You thump Edmund!
Your tail-slap misses Edmund.
Edmund is severely wounded.
Edmund hits you but does no damage.
You hit Edmund but do no damage.
Edmund is severely wounded.
Edmund drinks a potion.
Edmund is healed!
You hit Edmund but do no damage.
Edmund is severely wounded.
Edmund closely misses you.
You hit Edmund but do no damage.
Edmund is severely wounded.
Edmund completely misses you.
You sock Edmund!
Edmund is almost dead.
Edmund hits you with a flail of protection!
* * * LOW HITPOINT WARNING * * *
You barely miss Edmund.
Edmund is almost dead.
Edmund misses you.
You barely miss Edmund.
Edmund is almost dead.
Edmund says, "People accused me of being a cutpurse!"
Edmund closely misses you.
You hit Edmund but do no damage.
Edmund is almost dead.
Edmund barely misses you.
You closely miss Edmund.
Edmund is almost dead.
Edmund hits you with a flail of protection.
* * * LOW HITPOINT WARNING * * *
You barely miss Edmund.
Edmund is almost dead.
Edmund misses you.
You closely miss Edmund.
Edmund is almost dead.
Edmund barely misses you.
You hit Edmund but do no damage.
Edmund is almost dead.
Edmund hits you with a flail of protection.
* * * LOW HITPOINT WARNING * * *
You closely miss Edmund.
Edmund is almost dead.
Edmund closely misses you.
You hit Edmund but do no damage.
Edmund is almost dead.
Edmund hits you with a flail of protection.
* * * LOW HITPOINT WARNING * * *
Edmund hits you with a flail of protection!
You die...

............. #.........#
#.........#
######........#
.........#.####
#######..#+###
#..........# #.
#..........# #<...
#.....@....# #....
#......@...#
.#....#####..........#
.#...................#
.#...................#####
.#..........####.........#
.##.........# #.........#
.##.........# #.........#
.#..........####.........#


You could see Edmund.

Vanquished Creatures
  An ogre (D:4)
  A howler monkey (D:5)
  Ijyb (D:4)
  3 gnolls (D:3)
  An adder skeleton (D:4)
  4 worms
  A leopard gecko (D:5)
  An orc (D:3)
  2 bats
  A giant cockroach (D:1)
  A goblin (D:1)
  2 hobgoblins
  12 jackals
  2 kobolds
  A quokka (D:4)
  3 frilled lizards
  A rat (D:1)
38 creatures vanquished.

Notes
Turn   | Place    | Note
-------+----------+-------------------------------------------
     0 | D:1      | tidbits the Draconian Wanderer began the quest for the Orb.
     0 | D:1      | tidbits set off with: a +2 mace, a +0 hand crossbow, 22 bolts, a +0 hand axe, a bread ration
     0 | D:1      | Reached XP level 1. HP: 19/19 MP: 1/1
    72 | D:1      | Reached XP level 2. HP: 24/26 MP: 2/2
   122 | D:1      | Reached skill level 1 in Dodging
   299 | D:2      | Reached skill level 4 in Fighting
   313 | D:2      | Reached XP level 3. HP: 24/33 MP: 3/3
   382 | D:3      | Reached skill level 2 in Dodging
   580 | D:3      | Reached XP level 4. HP: 41/41 MP: 4/4
   645 | D:3      | Found a blossoming altar of Fedhas.
   656 | D:4      | Noticed an ogre
   664 | D:4      | Killed an ogre
   664 | D:4      | Reached skill level 5 in Fighting
   664 | D:4      | Reached XP level 5. HP: 15/48 MP: 5/5
   784 | D:4      | Reached skill level 3 in Dodging
   808 | D:4      | Found a glowing golden altar of the Shining One.
   809 | D:4      | Found a white marble altar of Elyvilon.
   809 | D:4      | Found a stormy altar of Qazlal.
   809 | D:4      | Noticed Ijyb
   819 | D:4      | Killed Ijyb
   876 | D:5      | Entered Level 5 of the Dungeon
   893 | D:5      | Noticed Edmund
   921 | D:4      | HP: 1/48 [Edmund/flail of protection (5)]
   921 | D:4      | Mangled by Edmund

Vault maps used:
D:1:      tarquinn_simple_flora_water_a
D:2:      nicolae_gozag_seed_capital, first_bread
D:3:      fedhas_altar_3
D:4:      cheibrodos_old_hovel, grunt_temple_overflow_open, uniq_ijyb,
          uniq_sigmund, uniq_grinder
D:5:      bloody_makhleb, regret_index_temple_of_mockery,
          minmay_temple_entry_crystal_x, chequers_ossuary_entry_cave,
          uniq_menkaure, uniq_edmund

Skill      XL: |  1  2  3  4  5 |
---------------+----------------+-----
Dodging        | 1 2 3 |  3.3
Fighting       | 4 5 |  5.5
Axes           | |  4.0
Maces & Flails | |  1.0
Throwing       | |  1.0
Evocations     | |  1.0

Action                   |  1- 3 |  4- 6 || total
-------------------------+-------+-------++-------
Melee: Mace              |    20 |       ||    20
       Tailslap          |     1 |     1 ||     2
       Flail             |       |    31 ||    31
 Fire: Hand crossbow     |    75 |    23 ||    98
  Use: Scroll            |     4 |     2 ||     6
       Potion            |       |     1 ||     1
Armor: Skin              |    24 |    10 ||    34
Dodge: Dodged            |    38 |    26 ||    64

Table legend:
 A = Spawn XP
 B = Non-spawn XP
 C = Spawn XP percentage of total XP
 D = Spawn monster count
 E = Non-spawn monster count
 F = Spawn count percentage of total count
 G = Total turns spent on level
                    A         B        C        D         E        F      G
               +---------+---------+-------+---------+---------+-------+---------
         Total |       0 |     322 |   0.0 |       0 |      38 |   0.0 |   921
               +---------+---------+-------+---------+---------+-------+---------
           D:1 |       0 |      26 |   0.0 |       0 |      14 |   0.0 |   171
           D:2 |       0 |      22 |   0.0 |       0 |       7 |   0.0 |   200
           D:3 |       0 |      51 |   0.0 |       0 |       7 |   0.0 |   285
           D:4 |       0 |     166 |   0.0 |       0 |       8 |   0.0 |   238
           D:5 |       0 |      57 |   0.0 |       0 |       2 |   0.0 |    27
               +---------+---------+-------+---------+---------+-------+---------

Table legend:
 A = Turns spent in this place as a percentage of turns spent in the entire game.
 B = Non-inter-level travel turns spent in this place as a percentage of non-inter-level travel turns spent in the entire game.
 C = Inter-level travel turns spent in this place as a percentage of turns spent in this place.
 D = Turns resting spent in this place as a percentage of non-inter-level travel turns spent in this place.
 E = Turns spent auto-exploring this place as a percentage of non-inter-level travel turns spent in this place.
 F = Non-inter-level travel turns spent in this place divided by the number of levels of this place that you've seen.
                   A       B       C       D       E      F
               +-------+-------+-------+-------+-------+----------------------
         Total | 100.0 | 100.0 |   1.6 |   0.0 |   0.0 | 181.2
       Dungeon | 100.0 | 100.0 |   1.6 |   0.0 |   0.0 | 181.2
               +-------+-------+-------+-------+-------+----------------------

Table legend:
 A = Kills in this place as a percentage of kills in entire the game.
 B = Kills by you in this place as a percentage of kills by you in the entire game.
 C = Kills by friends in this place as a percentage of kills by friends in the entire game.
 D = Other kills in this place as a percentage of other kills in the entire game.
 E = Experience gained in this place as a percentage of experience gained in the entire game.
 F = Experience gained in this place divided by the number of levels of this place that you have seen.
                   A       B       C       D       E      F
               +-------+-------+-------+-------+-------+----------------------
         Total | 100.0 | 100.0 |   N/A |   N/A | 100.0 |  64.4
       Dungeon | 100.0 | 100.0 |   N/A |   N/A | 100.0 |  64.4
               +-------+-------+-------+-------+-------+----------------------

Vault maps used:
D:1:      tarquinn_simple_flora_water_a
D:2:      nicolae_gozag_seed_capital, first_bread
D:3:      fedhas_altar_3
D:4:      cheibrodos_old_hovel, grunt_temple_overflow_open, uniq_ijyb,
          uniq_sigmund, uniq_grinder
D:5:      bloody_makhleb, regret_index_temple_of_mockery,
          minmay_temple_entry_crystal_x, chequers_ossuary_entry_cave,
          uniq_menkaure, uniq_edmund
